 Dungeon Crawl Stone Soup version 0.26.1 (webtiles) character file.

Game seed: 6557005055917520575

5486 growler the Zephyrmancer (level 10, -3/59 (60) HPs)
             Began as a Tengu Air Elementalist on Feb 4, 2021.
             Was a Priest of Vehumet.
             Killed from afar by a fire dragon (23 damage)
             ... with a blast of flame
             ... on level 9 of the Dungeon on Feb 5, 2021.
             The game lasted 00:39:53 (12878 turns).

growler the Zephyrmancer (Tengu Air Elementalist)  Turns: 12878, Time: 00:39:53

HP:   -3/59 (60)    AC:  8    Str:  8    XL:     10   Next: 69%
MP:   0/18          EV: 18    Int: 19    God:    Vehumet [***...]
Gold: 534           SH:  0    Dex: 15    Spells: 1/19 levels left

rFire    . . .     SeeInvis .   D - +0 quarterstaff (spect)
rCold    . . .     Faith    .   (shield currently unavailable)
rNeg     . . .     Spirit   .   f - +0 leather armour
rPois    +         Reflect  .   (helmet restricted)
rElec    .         Harm     .   i - +0 cloak
rCorr    .         Rampage  .   (no gloves)
Will     .....                  (boots unavailable)
Stlth    ++........             y - amulet of the acrobat
HPRegen  0.19/turn              s - +4 ring of protection
MPRegen  0.16/turn              A - ring of poison resistance

@: flying quickly and evasively, studying Throwing, lightly drained, quick
A: beak, talons 3, able to fly
a: Stop Flying, Renounce Religion


You were on level 9 of the Dungeon.
You worshipped Vehumet.
Vehumet was most pleased with you.
You visited 2 branches of the dungeon, and saw 10 of its levels.

You collected 534 gold pieces.

Inventory:

Hand Weapons
 x - a +2 dagger of venom
   (You took it off an orc wizard on level 4 of the Dungeon)
 D - a +0 spectral quarterstaff (weapon)
   (You took it off a gnoll on level 8 of the Dungeon)
Armour
 c - the cursed +1 chain mail "Qus Gueq" {rN+ Will- Dex+5}
   (You took it off an orc on level 9 of the Dungeon)

   It affects your dexterity (+5).
   It protects you from negative energy.
   It affects your willpower, your defense against some magical effects.
   It has a curse placed upon it.
 f - a +0 leather armour (worn)
   (You took it off an orc on level 4 of the Dungeon)
 i - a +0 cloak (worn)
   (You took it off Crazy Yiuf on level 5 of the Dungeon)
 u - a +0 pair of gloves
   (You found it on level 9 of the Dungeon)
Jewellery
 s - a +4 ring of protection (left hand)
   (You found it on level 5 of the Dungeon)
 y - an amulet of the acrobat (around neck)
   (You found it on level 5 of the Dungeon)
 A - a ring of poison resistance (right hand)
   (You found it on level 6 of the Dungeon)
Wands
 v - a wand of digging (7)
   (You found it on level 5 of the Dungeon)
Scrolls
 a - a scroll of fear {unknown}
 d - 4 scrolls of teleportation {@r4}
 g - a scroll of enchant weapon
 k - 4 scrolls of blinking
 m - 5 scrolls of remove curse {@r2}
 q - 3 scrolls of amnesia
 r - a scroll of immolation {unknown}
 z - 3 scrolls of magic mapping
 C - a scroll of vulnerability {unknown}
Potions
 b - 2 potions of resistance
 e - 2 potions of lignification {!q}
 h - 7 potions of curing {@q1}
 j - 3 potions of mutation {!q}
 l - 2 potions of heal wounds {@q2}
 n - 2 potions of attraction {!q}
 o - 5 potions of brilliance
 p - a potion of invisibility
 t - 4 potions of might
 B - a potion of ambrosia
Books
 w - a manual of Throwing {!d}
   (You found it on level 4 of the Dungeon)


   Skills:
 + Level 6.0 Fighting
 + Level 7.0 Dodging
 - Level 2.0 Stealth
 - Level 5.0 Spellcasting
 - Level 7.0 Conjurations
 + Level 13.9 Air Magic


You had one spell level left.
You knew the following spells:

 Your Spells              Type           Power        Failure   Level
a - Shock                 Conj/Air       100%         1%          1
b - Airstrike             Air            27%          1%          4
c - Lightning Bolt        Conj/Air       22%          1%          5
d - Static Discharge      Conj/Air       44%          1%          3
f - Mephitic Cloud        Conj/Pois/Air  31%          1%          3
s - Swiftness             Air            55%          1%          2

Your spell library contained the following spells:

 Spells                   Type           Power        Failure   Level
 Iskenderun's Mystic Bla  Conj/Tloc      18%          11%         4
 Magic Dart               Conj           100%         1%          1
 Sandblast                Erth           8%           5%          1
 Conjure Flame            Conj/Fire      18%          3%          3
 Blink                    Tloc           N/A          26%         2
 Call Imp                 Summ           4%           26%         2
 Slow                     Hex            4%           26%         2


Dungeon Overview and Level Annotations

Branches:
Dungeon (9/15)             Temple (1/1) D:5            Lair (0/6) D:9
    Orc: D:9-12

Altars:
Ashenzari
Cheibriados
Dithmenos
Elyvilon
Gozag
Kikubaaqudgha
Makhleb
Nemelex Xobeh
Qazlal
Ru
Sif Muna
Uskayaw
Vehumet
Wu Jian
Yredelemnul
Zin

Annotations:
D:7 1 runed translucent door, thiole's ghost, novice OpWz


Innate Abilities, Weirdness & Mutations

You have a beak for a mouth.
You have claws for feet.
You can fly continuously.


Message History

The fire dragon tramples you but does no damage.
The howler monkey barely misses you.
An iron imp comes into view. It is wielding a +0 hand axe.
Unknown command.
You hit the fire dragon but do no damage.
You claw the fire dragon. The howler monkey barely misses you.
The fire dragon closely misses you. The fire dragon claws you.
The fire dragon tramples you!
You hold your ground!
You barely miss the fire dragon. Your kick misses the fire dragon.
The howler monkey hoots and howls with incredible vigour!
The fire dragon bites you but does no damage.
The fire dragon misses you.
The fire dragon tramples you but does no damage.
The howler monkey closely misses you. The fire dragon completely misses you.
The fire dragon claws you. The fire dragon tramples you.
You hold your ground!
You hear a shout! x5
You hit the howler monkey. Your kick misses the howler monkey.
You peck the howler monkey.
The howler monkey hoots and howls with incredible vigour!
The fire dragon bites you!
* * * LOW HITPOINT WARNING * * *
The fire dragon misses you. The fire dragon barely misses you.
An orc wizard comes into view. It is wielding a +0 dagger.
The howler monkey misses you. The fire dragon breathes flames at you.
The blast of flame misses you. The howler monkey misses you.
The orc wizard gestures wildly while chanting.
The orc wizard blinks!
The howler monkey completely misses you.
There is a stone staircase leading up here.
You hit the howler monkey. The swamp drake breathes poison at you.
The noxious blast engulfs the howler monkey but does no damage.
The howler monkey is engulfed in noxious fumes.
The howler monkey hits you but does no damage.
The howler monkey is struck by an arc of lightning!
You kill the howler monkey!
Vehumet accepts your kill.
The fire dragon is struck by an arc of lightning!
You are struck by an arc of lightning.
* * * LOW HITPOINT WARNING * * *
The lightning grounds out.
The fire dragon is struck by an arc of lightning.
The orc wizard is struck by an arc of lightning.
The fire dragon is struck by an arc of lightning.
The lightning grounds out.
The fire dragon breathes flames at you. The blast of flame hits you!!
You die...

###############...........##...[.
.......#............#.....
≈≈≈≈≈≈.#......##...##.....
≈≈≈≈≈≈.'.(.........##.).[.
≈≈≈≈≈≈.#(.....(##...##.)..
≈≈≈≈≈≈.#......##.....##...
.......#......#.......#...
###########°°...##.......##..
#.......5k°°@...#.........#..
#........°D##..#.........##.
###.....°[o...#####.......#.
#.......##..#8..####....##
............o.#......#....##
...............#......##...#.
.............###...#...#...##
....#........##....#...#....#
....#........##..)##...##..)#


You could see a fire dragon (catching breath), a swamp drake, an iron imp and an
orc wizard.

Vanquished Creatures
  An unseen horror (D:6)
  A deep elf mage (D:9)
  A black bear (D:8)
  An orc warrior (D:9)
  2 ice beasts
  2 sky beasts
  3 phantoms
  A necrophage (D:9)
  4 ogres
  5 centaurs
  3 big kobolds
  Blork the orc (D:8)
  6 bullfrogs
  3 scorpions
  6 killer bees (D:7)
  7 wights
  2 howler monkeys
  An electric eel (D:9)
  2 centaur zombies
  A bullfrog zombie (D:7)
  2 jellies
  2 quasits
  7 hounds
  An orc priest (D:6)
  4 bullfrog skeletons
  3 centaur skeletons
  Crazy Yiuf (D:5)
  2 iguanas
  Natasha (D:3)
  10 worker ants
  7 orc wizards
  A hound skeleton (D:9)
  A worker ant zombie (D:5)
  6 gnolls (D:8)
  11 adders
  A shadow imp (D:9)
  2 white imps
  3 ufetubi
  3 oozes
  2 adder zombies (D:9)
  5 adder skeletons
  A worm (D:2)
  4 dart slugs
  3 leopard geckos
  17 orcs
  6 giant cockroaches
  9 goblins
  7 hobgoblins
  13 jackals
  7 quokkas
  2 ball pythons
  3 bats
  4 frilled lizards
  A jackal skeleton (D:7)
  18 kobolds
  A leopard gecko skeleton (D:8)
  A leopard gecko zombie (D:6)
  A quokka zombie (D:7)
  5 rats
231 creatures vanquished.

Vanquished Creatures (others)
  An ice beast (D:9)
  An orc wizard (D:9)
  2 orcs (D:9)
4 creatures vanquished.

Grand Total: 235 creatures vanquished

Notes
Turn   | Place    | Note
-------+----------+-------------------------------------------
     0 | D:1      | growler the Tengu Air Elementalist began the quest for the
                  | Orb.
     0 | D:1      | Reached XP level 1. HP: 10/10 MP: 4/4
   443 | D:1      | Reached XP level 2. HP: 15/15 MP: 1/6
   824 | D:1      | Reached XP level 3. HP: 19/19 MP: 1/7
  1734 | D:2      | Reached XP level 4. HP: 24/24 MP: 2/9
  1842 | D:2      | Reached skill level 5 in Air Magic
  2258 | D:1      | Learned a level 2 spell: Swiftness
  2262 | D:1      | Learned a level 3 spell: Static Discharge
  2506 | D:3      | Noticed a +0 hand axe
  2506 | D:3      | Noticed a +0 hand axe
  2508 | D:3      | Found a hide-covered altar of Uskayaw.
  2852 | D:3      | Found a stormy altar of Qazlal.
  3096 | D:3      | Gained mutation: You can fly continuously. [Tengu growth]
  3096 | D:3      | Reached XP level 5. HP: 14/28 MP: 0/10
  3297 | D:3      | Noticed Natasha
  3301 | D:3      | Killed Natasha
  3523 | D:4      | Noticed an ogre
  3662 | D:3      | Reached skill level 6 in Air Magic
  3662 | D:3      | Reached XP level 6. HP: 11/32 MP: 1/12
  3902 | D:3      | Learned a level 4 spell: Airstrike
  4162 | D:4      | Reached skill level 5 in Conjurations
  4426 | D:4      | Reached XP level 7. HP: 36/36 MP: 2/14
  4431 | D:4      | Learned a level 3 spell: Mephitic Cloud
  4642 | D:4      | Found a snail-covered altar of Cheibriados.
  4642 | D:4      | Found a broken altar of Ashenzari.
  4642 | D:4      | Found a basalt altar of Yredelemnul.
  4840 | D:4      | Reached skill level 7 in Air Magic
  4940 | D:4      | Found a glowing silver altar of Zin.
  5389 | D:5      | Entered Level 5 of the Dungeon
  5389 | D:5      | Found a staircase to the Ecumenical Temple.
  5396 | Temple   | Entered the Ecumenical Temple
  5406 | Temple   | Became a worshipper of Vehumet
  5837 | D:5      | Reached skill level 5 in Spellcasting
  5837 | D:5      | Reached XP level 8. HP: 27/41 MP: 7/16
  5959 | D:5      | Reached skill level 8 in Air Magic
  6328 | D:5      | Found a runed translucent door.
  6329 | D:5      | Noticed Crazy Yiuf
  6513 | D:5      | Reached skill level 9 in Air Magic
  6825 | D:5      | Killed Crazy Yiuf
  7326 | D:6      | Killed an unseen horror
  7327 | D:6      | Reached skill level 11 in Air Magic
  7327 | D:6      | Reached XP level 9. HP: 16/45 MP: 0/17
  7632 | D:6      | Reached skill level 12 in Air Magic
  7809 | D:6      | Reached skill level 1 in Fighting
  8131 | D:6      | Reached * piety under Vehumet
  8131 | D:6      | Offered knowledge of Freeze by Vehumet.
  8981 | D:7      | Found an ancient bone altar of Kikubaaqudgha.
  9185 | D:7      | Noticed thiole's ghost (novice OpWz)
  9188 | D:7      | Found a runed translucent door.
  9629 | D:7      | Offered knowledge of Sandblast by Vehumet.
  9879 | D:7      | Reached ** piety under Vehumet
  9901 | D:7      | Found a sparkling altar of Nemelex Xobeh.
 10065 | D:8      | Reached skill level 5 in Dodging
 10072 | D:8      | Reached XP level 10. HP: 56/56 MP: 2/18
 10089 | D:8      | Reached skill level 13 in Air Magic
 10764 | D:8      | Offered knowledge of Inner Flame by Vehumet.
 11256 | D:9      | Reached skill level 5 in Fighting
 11543 | D:9      | Reached *** piety under Vehumet
 11614 | D:9      | Learned a level 5 spell: Lightning Bolt
 11673 | D:9      | Found a shimmering blue altar of Sif Muna.
 11778 | D:9      | Identified Sif Muna's Grimoire of Earth
 11998 | D:9      | Noticed a fire dragon
 12055 | D:9      | Identified the cursed +1 chain mail "Qus Gueq" {rN+ Will-
                  | Dex+5}
 12510 | D:9      | Found a staircase to the Lair.
 12520 | D:9      | Noticed Blork the orc
 12529 | D:9      | Noticed a deep elf mage
 12606 | D:9      | Killed a deep elf mage
 12644 | D:8      | Killed Blork the orc
 12852 | D:9      | Offered knowledge of Iskenderun's Mystic Blast by Vehumet.
 12878 | D:9      | Killed from afar by a fire dragon

Illustrated notes

Levels and vault maps discovered:
D:1:      sevenhm_arrival_forest_fort_small_3, layout_basic, serial_curves,
          eino_curves_02, eino_curves_03
D:2:      layout_rooms
D:3:      layout_loops_ring, nicolae_qazlal_general_emergency,
          dancing_weapons_uskayaw, serial_park_tiny_2, uniq_natasha
D:4:      layout_rooms, gammafunk_temple_overflow_claw, zin_academy,
          minmay_manual_monstrance
D:5:      layout_loops_ring, minmay_temple_entry_statues_fountains,
          uniq_crazy_yiuf_cottage
D:6:      layout_rooms, serial_rivers, chequers_serial_rivers_micro_c,
          chequers_serial_rivers_micro_e, chequers_serial_rivers_room_a,
          chequers_serial_rivers_small_b, chequers_serial_rivers_micro_a,
          chequers_serial_rivers_micro_a
D:7:      layout_basic, kennysheep_mini_moat, nicolae_overflow_hidden_temple,
          hellmonk_ghost_happy_afterlife
D:8:      layout_rooms, serial_bayou_pond_e
D:9:      kennysheep_spiral_hall, layout_cave_pools, led_sif_book,
          minmay_lair_entry_lava, nrook_pool_corridor, hangedman_minor_magic
Temple:   nicolae_temple_god_jail

Skill      XL: |  1  2  3  4  5  6  7  8  9 10 |
---------------+-------------------------------+-----
Conjurations   | 2 3 4 5 6 7 |  7.0
Air Magic      | 5 6 7 11 12 13 | 13.9
Spellcasting   | 3 4 5 |  5.0
Fighting       | 4 6 |  6.0
Dodging        | 5 7 |  7.0
Stealth        | |  2.0

Action                   |  1- 3 |  4- 6 |  7- 9 | 10-12 || total
-------------------------+-------+-------+-------+-------++-------
Melee: Unarmed           |     9 |       |       |       ||     9
       Kick              |     5 |     6 |    36 |    19 ||    66
       Dagger            |     7 |    27 |   149 |    18 ||   201
       Peck              |     2 |     5 |    22 |    17 ||    46
       Quarterstaff      |       |       |       |    84 ||    84
 Cast: Shock             |    73 |    75 |    64 |    12 ||   224
       Static Discharge  |       |    14 |    27 |    16 ||    57
       Airstrike         |       |     2 |    41 |    69 ||   112
 Abil: Fly               |       |     1 |       |       ||     1
  Use: Scroll            |       |       |    18 |     3 ||    21
 Stab: Sleeping          |       |       |     4 |       ||     4
       Distracted        |       |       |       |     1 ||     1
Armor: Robe              |     2 |     3 |       |       ||     5
       Leather armour    |       |       |    50 |    39 ||    89
Dodge: Dodged            |    12 |    41 |   222 |   154 ||   429
